 Dungeon Crawl Stone Soup version 0.24.1-14-gf8d2b509d9 (webtiles) character file.

Game seed: 5488784453850054061, levelgen mode: deterministic

38 lepoulpe303 the Vexing (level 3, -4/20 HPs)
             Began as a Deep Elf Arcane Marksman on May 18, 2020.
             Killed from afar by a dart slug (6 damage)
             ... with a slug dart
             ... on level 2 of the Dungeon.
             The game lasted 00:10:06 (2155 turns).

lepoulpe303 the Vexing (Deep Elf Arcane Marksman)   Turns: 2155, Time: 00:10:06

Health: -4/20      AC:  2    Str:  8    XL:     3   Next: 25%
Magic:  6/8        EV: 13    Int: 17    God:
Gold:   61         SH:  0    Dex: 15    Spells: 3/6 levels left

rFire    . . .     SeeInvis .   a - +0 dagger
rCold    . . .     Gourm    .   (no shield)
rNeg     . . .     Faith    .   f - +0 robe
rPois    .         Spirit   .   (no helmet)
rElec    .         Reflect  .   (no cloak)
rCorr    .         Harm     .   (no gloves)
MR       .....                  (no boots)
Stlth    +.........             (no amulet)
HPRegen  0.06/turn              (no ring)
MPRegen  0.11/turn              (no ring)

@: very slightly contaminated
A: no striking features
a: no special abilities


You were on level 2 of the Dungeon.
You were not hungry.

You visited 1 branch of the dungeon, and saw 2 of its levels.

You collected 61 gold pieces.

Inventory:

Hand Weapons
 a - a +0 dagger (weapon)
 b - a +0 shortbow
Missiles
 Q - 32 arrows
Armour
 f - a +0 robe (worn)
Scrolls
 c - a scroll of fog {unknown}
 d - 2 scrolls of enchant armour {unknown}
 h - a scroll of noise {unknown}
 i - 3 scrolls of remove curse {unknown}
 l - a scroll of identify {unknown}
 n - a scroll of teleportation {unknown}
Potions
 g - a potion of lignification {unknown}
 j - a potion of might {unknown}
 k - a potion of magic {unknown}
 o - a potion of agility {unknown}
Comestibles
 e - 3 rations
 m - 2 chunks of flesh


   Skills:
 + Level 1.0 Fighting
 + Level 0.6 Short Blades
 * Level 2.7 Bows
 + Level 2.7 Dodging
 * Level 2.3 Spellcasting
 * Level 4.5 Hexes


You had 3 spell levels left.
You knew the following spells:

 Your Spells              Type           Power        Failure   Level  Hunger
s - Slow                  Hex            ###.....     4%          2    ##.....
v - Corona                Hex            ###....      3%          1    #......

Your spell library contained the following spells:

 Spells                   Type           Power        Failure   Level  Hunger
 Inner Flame              Hex/Fire       #.......     22%         3    ###....
 Portal Projectile        Hex/Tloc       #.....       22%         3    ###....
 Cause Fear               Hex            ###.......   28%         4    #####..
 Leda's Liquefaction      Hex/Erth       #.........   58%         4    #####..


Dungeon Overview and Level Annotations

Branches:
Dungeon (2/15)

Altars:


Message History

* * * LOW HITPOINT WARNING * * *
You take 2 damage, and have 4/20 hp.
The jackal barely misses you. The jackal closely misses you.
A dart slug comes into view.
The jackal misses you.
The jackal bites you but does no damage.
The jackal completely misses you. The jackal closely misses you.
The jackal barely misses you.
Aim: a jackal (chance to defeat MR: 71%)
You miscast Slow.
You are very lightly contaminated with residual magic.
Your skin tingles.
The jackal misses you. The jackal bites you.
* * * LOW HITPOINT WARNING * * *
The jackal bites you.
* * * LOW HITPOINT WARNING * * *
You take 3 damage, and have 2/20 hp.
You now have 6/8 mp.
The jackal closely misses you. The dart slug launches a dart at you.
The slug dart hits you.
You die...

.... #..........
#.........# #..........
..........(###..........
...........((....#......
.............(.........#
.............<.).(((#
....................#
.........w..........#
........@...........#
.......h#h#.w.###...#
#.......hh#h#.# ...#
#.........#.#.# ####
########..g...#
#.....### #######


You could see a worm, a dart slug, 3 jackals and a goblin.

Levels and vault maps discovered:
D:1:      dpeg_arrival_connections, layout_loops_ring, nrook_mini_vaults,
          grunt_decor_resistance, minmay_misc_feat_chi
D:2:      minmay_wonky_spiral, layout_basic, lemuel_crystal_altar

Notes
Turn   | Place    | Note
-------+----------+-------------------------------------------
     0 | D:1      | lepoulpe303 the Deep Elf Arcane Marksman began the quest
                  | for the Orb.
     0 | D:1      | Reached XP level 1. HP: 11/11 MP: 5/5
   231 | D:1      | Identified a +0 club
   259 | D:1      | Identified a +0 dagger (You found it on level 1 of the
                  | Dungeon)
   260 | D:1      | Identified a +0 shortbow
   717 | D:1      | Reached XP level 2. HP: 15/16 MP: 6/6
   721 | D:1      | Learned a level 2 spell: Slow
   735 | D:1      | Reached skill level 2 in Spellcasting
   764 | D:1      | Identified a +0 club
   888 | D:1      | Identified a +0 club
  1148 | D:1      | Reached skill level 1 in Fighting
  1429 | D:1      | Identified a +0 dagger
  1467 | D:1      | Reached XP level 3. HP: 11/20 MP: 8/8
  1928 | D:1      | Identified a +0 dagger
  2116 | D:2      | Identified a +0 club
  2121 | D:2      | lepoulpe303: !whichgod deam
  2121 | D:2      | meem: 8 recent wins for deam: 4x Okawaru, Kikubaaqudgha,
                  | Nemelex Xobeh, Ru, Vehumet
  2142 | D:2      | HP: 5/20 [jackal (1)]
  2154 | D:2      | HP: 3/20 [jackal (2)]
  2155 | D:2      | Killed from afar by a dart slug

Table legend:
 A = Turns spent in this place as a percentage of turns spent in the entire game.
 B = Non-inter-level travel turns spent in this place as a percentage of non-inter-level travel turns spent in the entire game.
 C = Inter-level travel turns spent in this place as a percentage of turns spent in this place.
 D = Turns resting spent in this place as a percentage of non-inter-level travel turns spent in this place.
 E = Turns spent auto-exploring this place as a percentage of non-inter-level travel turns spent in this place.
 F = Non-inter-level travel turns spent in this place divided by the number of levels of this place that you've seen.
                   A       B       C       D       E      F
               +-------+-------+-------+-------+-------+----------------------
         Total | 100.0 | 100.0 |   1.3 |  54.0 |  29.6 | 1064.0
       Dungeon | 100.0 | 100.0 |   1.3 |  54.0 |  29.6 | 1064.0
               +-------+-------+-------+-------+-------+----------------------

Table legend:
 A = Kills in this place as a percentage of kills in entire the game.
 B = Kills by you in this place as a percentage of kills by you in the entire game.
 C = Kills by friends in this place as a percentage of kills by friends in the entire game.
 D = Other kills in this place as a percentage of other kills in the entire game.
 E = Experience gained in this place as a percentage of experience gained in the entire game.
 F = Experience gained in this place divided by the number of levels of this place that you have seen.
                   A       B       C       D       E      F
               +-------+-------+-------+-------+-------+----------------------
         Total | 100.0 | 100.0 |   N/A |   N/A | 100.0 |  27.5
       Dungeon | 100.0 | 100.0 |   N/A |   N/A | 100.0 |  27.5
               +-------+-------+-------+-------+-------+----------------------

Skill      XL: |  1  2 |
---------------+-------+-----
Spellcasting   | 2 |  2.3
Fighting       | 1 |  1.0
Short Blades   | |  0.6
Bows           | |  2.7
Dodging        | |  2.7
Hexes          | |  4.5

Action                   || total
-------------------------++-------
Melee: Dagger            ||   115
 Fire: Shortbow          ||    49
 Cast: Corona            ||     1
       Slow              ||     2
 Stab: Sleeping          ||     5
  Eat: Chunk             ||     4
Armor: Robe              ||    26
Dodge: Dodged            ||    89

Vanquished Creatures
  An ooze (D:1)
  A worm (D:2)
  2 dart slugs (D:1)
  A leopard gecko (D:1)
  A giant cockroach (D:1)
  A goblin (D:1)
  3 hobgoblins (D:1)
  4 bats (D:1)
  2 frilled lizards (D:1)
  5 kobolds
  5 rats (D:1)
26 creatures vanquished.
